 Dungeon Crawl Stone Soup version 0.30-a0-422-g946f4849ff (webtiles) character file.

Game seed: 17069673371833374656

137 cforsyth the Chopper (level 5, -6/48 HPs)
             Began as a Hill Orc Monk on Dec 8, 2022.
             Splashed by a jelly's acid (7 damage)
             ... on level 6 of the Dungeon.
             The game lasted 00:04:50 (2646 turns).

cforsyth the Chopper (Hill Orc Monk)                Turns: 2646, Time: 00:04:50

Health: -6/48      AC:  5    Str: 16    XL:     5   Next: 20%
Magic:  5/5        EV: 16    Int: 10    God:
Gold:   114        SH:  0    Dex: 13    Spells: 4/4 levels left

rFire   . . .      SeeInvis .    a - +0 hand axe
rCold   . . .      Faith    .    (no shield)
rNeg    . . .      Spirit   .    b - +0 robe
rPois   .          Reflect  .    m - +0 helmet
rElec   .          Harm     .    (no cloak)
rCorr   .          Rampage  .    (no gloves)
Will    .....                    (no boots)
Stlth   ++........               (no amulet)
HPRegen 0.28/turn                h - +4 ring of evasion
MPRegen 0.09/turn                (no ring)

@: invisible
A: iridescent scales 1, MP-powered wands
a: no special abilities


You were on level 6 of the Dungeon.
You visited 1 branch of the dungeon, and saw 4 of its levels.

You collected 114 gold pieces.

Inventory:

Hand Weapons
 a - a +0 hand axe (weapon)
Armour
 b - a +0 robe (worn)
 m - a +0 helmet (worn)
Jewellery
 h - a +4 ring of evasion (left hand)
Scrolls
 d - a scroll of identify
 g - a scroll of blinking
 k - a scroll of noise {unknown}
 n - a scroll of fog {unknown}
 o - a scroll of amnesia {unknown}
 q - a scroll of teleportation {unknown}
Potions
 c - a potion of ambrosia
 e - a potion of might {unknown}
 i - a potion of mutation
 j - a potion of brilliance {unknown}
 l - a potion of resistance {unknown}
 p - 2 potions of berserk rage {unknown}


   Skills:
 + Level 5.5 Fighting
 + Level 6.0 Axes
 - Level 2.4 Dodging
 - Level 1.5 Stealth


You had 4 spell levels left.
You didn't know any spells.
Your spell library contained the following spells:

 Spells                   Type           Power      Damage    Failure   Level
 Shock                    Conj/Air       0%         1d3       36%         1
 Swiftness                Air            0%         N/A       75%         3
 Airstrike                Air            0%         2d(0-16)  98%         4


Dungeon Overview and Level Annotations

Branches:
Dungeon (3/15)

Altars:

Annotations:
D:2 Sigmund
D:3 1 runed translucent door, Crazy Yiuf


Innate Abilities, Weirdness & Mutations

You are partially covered in iridescent scales. (AC +2)
You expend magic power (3 MP) to strengthen your wands.


Message History

You fade into invisibility!
The gnoll barely misses you.
The gnoll hits you from afar with a +0 spear!
* * * LOW HITPOINT WARNING * * *
The gnoll hits you from afar with a +0 spear.
* * * LOW HITPOINT WARNING * * *
It was a potion of mutation.
You feel extremely strange.
You feel your magical essence link to the dungeon's wands.
Iridescent scales grow over part of your body.
The gnoll throws a throwing net.
The throwing net misses you. The gnoll closely misses you.
You fade further into invisibility.
The gnoll is no longer moving quickly.
The gnoll barely misses you.
The gnoll hits you from afar with a +0 spear.
* * * LOW HITPOINT WARNING * * *
The gnoll misses you.
The gnoll bouda barks out a call to the hunt!
The gnoll picks up the pace!
Unknown command.
Unknown command.
Unknown command.
Unknown command.
The gnoll is no longer moving quickly.
The gnoll is no longer moving quickly.
A jelly comes into view.
The jelly quivers.
The jelly attacks as you move away! The jelly closely misses you.
Found 9 gold pieces.
The jelly attacks as you move away! The jelly hits you.
* * * LOW HITPOINT WARNING * * *
You are splashed with acid!
* * * LOW HITPOINT WARNING * * *
Unknown command.
As you read the scroll labelled ZEGGEVV YMUKK, it crumbles to dust.
It is a scroll of identify.
g - a scroll of blinking The jelly hits you.
* * * LOW HITPOINT WARNING * * *
You are splashed with acid!
You die...

.. .. .. # #.
.##.##. .......
#......####
.......@J.#
#......##g#
##.$.#.##.#####
##. #....g.g.#
#....##.###g#
#.##. #.# #.#
.? .. ..###g##
##.#
....###.g.##
##...# ...
#.....#


You could see a jelly and a gnoll (unable to see you).

Vanquished Creatures
  Terence (D:2)
  Robin (D:2)
  3 gnolls (D:1)
  An adder (D:2)
  4 bats
  3 endoplasms
  A giant cockroach (D:2)
  11 hobgoblins
  3 jackals (D:2)
  3 quokkas
  9 ball pythons
  2 frilled lizards
  7 goblins
  5 kobolds
  8 rats
62 creatures vanquished.

Notes
Turn   | Place    | Note
-------+----------+-------------------------------------------
     0 | D:1      | cforsyth the Hill Orc Monk began the quest for the Orb.
     0 | D:1      | Reached XP level 1. HP: 19/19 MP: 1/1
   205 | D:1      | Reached XP level 2. HP: 14/27 MP: 2/2
   423 | D:1      | Reached XP level 3. HP: 19/34 MP: 3/3
  1024 | D:1      | Reached skill level 5 in Axes
  1124 | D:1      | Reached XP level 4. HP: 32/41 MP: 4/4
  1260 | D:2      | Reached skill level 5 in Fighting
  1435 | D:2      | Noticed Robin
  1457 | D:2      | Killed Robin
  1785 | D:2      | Noticed Sigmund
  2055 | D:2      | Noticed Terence
  2069 | D:2      | Killed Terence
  2070 | D:2      | Reached skill level 6 in Axes
  2070 | D:2      | Reached XP level 5. HP: 19/48 MP: 5/5
  2297 | D:3      | Found a runed translucent door.
  2298 | D:3      | Noticed Crazy Yiuf
  2564 | D:3      | You fall into a shaft and drop 3 floors!
  2619 | D:6      | Gained mutation: You expend magic power (3 MP) to
                  | strengthen your wands. [potion of mutation]
  2619 | D:6      | Gained mutation: You are partially covered in iridescent
                  | scales. (AC +2) [potion of mutation]
  2645 | D:6      | HP: 2/48 [acid (8)]
  2646 | D:6      | Splashed by a jelly's acid

Illustrated notes

Levels and vault maps discovered:
D:1:      scummos_arrival_checkerplants, layout_basic
D:2:      layout_basic, uniq_robin, uniq_terence, uniq_sigmund
D:3:      layout_loops_cross, shapermc_ecumenical_altar_acropolis,
          minmay_circle_x, uniq_crazy_yiuf_cottage
D:6:      layout_loops_cross

Skill      XL: |  1  2  3  4 |
---------------+-------------+-----
Fighting       | 4 5 |  5.5
Axes           | 5 6 |  6.0
Dodging        | |  2.4
Stealth        | |  1.5

Action                   |  1- 3 |  4- 6 || total
-------------------------+-------+-------++-------
Melee: Hand axe          |   116 |   126 ||   242
       Punch             |       |     1 ||     1
  Use: Potion            |       |     4 ||     4
       Scroll            |       |     1 ||     1
 Stab: Sleeping          |     2 |     3 ||     5
Armor: Robe              |     9 |    17 ||    26
Dodge: Dodged            |    99 |   100 ||   199

Table legend: (Time is in decaauts)
 A = Elapsed time spent in this place.
 B = Non-inter-level travel time spent in this place.
 C = Inter-level travel time spent in this place.
 D = Time resting spent in this place.
 E = Time spent auto-exploring this place.
 F = Levels seen in this place.
 G = Mean time per level.
                   A        B        C        D        E       F      G
               +--------+--------+--------+--------+--------+-----+--------+
         Total |   2658 |   2629 |     29 |    206 |   1789 |   4 |  664.5 |
       Dungeon |   2658 |   2629 |     29 |    206 |   1789 |   4 |  664.5 |
               +--------+--------+--------+--------+--------+-----+--------+

Top non-repeatable levels by time:
     D:1: 1233 daAuts
     D:2: 793 daAuts
     D:3: 549 daAuts
     D:6: 81 daAuts
